 Dungeon Sprint DCSS version 0.31.0-12-g77e489cdc1 (webtiles) character file.

Game seed: 12208312142772827492

305 Groucho the Covered (level 6, 0/44 HPs)
             Began as a Gargoyle Fighter on Feb 21, 2024.
             Was an Initiate of Qazlal.
             Slain by a two-headed ogre
             ... wielding a +0 giant club
              (24 damage)
             ... in the Dungeon (Sprint IX: "|||||||||||||||||||||||||||||").
             The game lasted 00:01:08 (142 turns).

Groucho the Covered (Gargoyle Fighter)               Turns: 142, Time: 00:01:08

Health: 0/44       AC: 26    Str: 22    XL:     6   Next: 39%
Magic:  6/7        EV:  6    Int:  8    God:    Qazlal [......]
Gold:   0          SH:  5    Dex:  9    Spells: 5/5 levels left

rFire   . . .        m - +2 morningstar (protect)
rCold   . . .        c - +0 buckler
rNeg    + . .        n - +0 plate armour
rPois   ∞            (no helmet)
rElec   +            (no cloak)
rCorr   .            (no gloves)
SInv    .            a - +0 pair of boots
Will    .....        (no amulet) Stlth
                     (no ring)
HPRegen 0.27/turn    (no ring)
MPRegen 0.10/turn

%: no teleportation
@: mighty, under a protective aura, invisible
A: sickness immunity, AC +4, negative energy resistance 1, electricity
resistance, torment resistance 1, petrification resistance
a: Renounce Religion


You were in the Dungeon.
You worshipped Qazlal.
Qazlal was noncommittal.
You visited 1 branch

Inventory:

Hand Weapons
 m - a +2 morningstar of protection (weapon)
Armour
 a - a +0 pair of boots (worn)
 c - a +0 buckler (worn)
 n - a +0 plate armour (worn)
Jewellery
 b - a +3 ring of intelligence
 o - a +2 ring of protection
Wands
 l - a wand of light (10)
Scrolls
 j - 2 scrolls of blinking
 k - 2 scrolls of amnesia
Potions
 e - 5 potions of curing
 f - 3 potions of heal wounds
 g - a potion of haste
 h - 4 potions of magic


   Skills:
 + Level 7.8 Fighting
 + Level 6.7 Maces & Flails
 + Level 7.8 Armour
 + Level 7.8 Shields
 * Level 1.5 Invocations


You had 5 spell levels left.
You didn't know any spells.
Your spell library was empty.

Dungeon Overview and Level Annotations

Branches:
Dungeon (1/1)

Altars:
Cheibriados
Dithmenos
Elyvilon
Fedhas
Gozag
Hepliaklqana
Kikubaaqudgha
Makhleb
Nemelex Xobeh
Okawaru
Qazlal
Ru
Sif Muna
Trog
Uskayaw
Vehumet
Wu Jian
Xom
Yredelemnul
Zin
The Shining One
Jiyva
Lugonu


Innate Abilities, Weirdness & Mutations

You are immune to sickness and miasma.
Your stone body is resilient. (AC +4)
You are immune to poison.
You resist negative energy. (rN+)
You are resistant to electric shocks. (rElec)
You are resistant to unholy torment.
You are immune to petrification.


Message History

You kill the orc wizard!
Qazlal accepts your kill.
The yak bellows!
The two-headed ogre shouts in stereo!
The troll shouts!
Your Invocations skill increases to level 1!
The yak bellows!
The two-headed ogre shouts in stereo!
The troll shouts!
The yak bellows!
The two-headed ogre hits you with a +0 giant club!
The two-headed ogre hits you but does no damage.
Things that are here:
a +0 dagger; a +0 robe; an orc corpse Unknown command.
You puncture the two-headed ogre!
The two-headed ogre is lightly wounded.
The troll shouts!
You strike the helpless two-headed ogre from behind!
You puncture the two-headed ogre!
The two-headed ogre is moderately wounded.
The yak bellows! x2
You block the two-headed ogre's attack.
The two-headed ogre hits you with a +0 dire flail!
You sock the two-headed ogre!
The two-headed ogre is heavily wounded.
The yak bellows!
The yak bellows!
You puncture the two-headed ogre!
The two-headed ogre is severely wounded.
The yak bellows! x2
You barely miss the two-headed ogre.
The two-headed ogre is severely wounded.
The yak bellows!
The two-headed ogre hits you but does no damage. x2
You puncture the two-headed ogre!
The two-headed ogre is almost dead.
The yak bellows!
You completely miss the two-headed ogre.
The two-headed ogre is almost dead.
The yak bellows! x2
The two-headed ogre hits you with a +0 giant club!!
Ouch! That really hurt!
You die...

▓)▓
▓.▓
▓.▓
▓[▓
▓[▓
▓.▓
▓.▓
▓'▓
▓@▓
▓O▓
▓Y▓
▓T▓
▓T▓
▓Y▓
▓+▓


You could see a two-headed ogre (unable to see you), 2 yaks and 2 trolls.

Vanquished Creatures
  A water moccasin (D)
  A black bear (D)
  A scorpion (D)
  A hound (D)
  An orc wizard (D)
  An orc (D)
  A hobgoblin (D)
  4 rats (D)
11 creatures vanquished.

Notes
Turn   | Place    | Note
-------+----------+-------------------------------------------
     0 | D        | Groucho the Gargoyle Fighter began the quest for the Orb.
     0 | D        | Reached XP level 1. HP: 14/14 MP: 1/1
    18 | D        | Noticed a hound
    18 | D        | Noticed a scorpion
    18 | D        | Noticed a water moccasin
    18 | D        | Noticed a black bear
    24 | D        | Killed a hound
    25 | D        | Reached XP level 2. HP: 17/20 MP: 2/2
    25 | D        | Reached XP level 3. HP: 22/25 MP: 3/3
    26 | D        | Killed a scorpion
    27 | D        | Reached skill level 5 in Fighting
    27 | D        | Reached skill level 5 in Armour
    27 | D        | Reached skill level 5 in Shields
    27 | D        | Reached XP level 4. HP: 32/32 MP: 4/4
    35 | D        | Killed a water moccasin
    36 | D        | Reached skill level 5 in Maces & Flails
    36 | D        | Reached XP level 5. HP: 37/37 MP: 5/5
    37 | D        | Killed a black bear
    38 | D        | Reached XP level 6. HP: 44/44 MP: 6/6
    44 | D        | Found a snail-covered altar of Cheibriados.
    44 | D        | Found a shadowy altar of Dithmenos.
    44 | D        | Found a white marble altar of Elyvilon.
    44 | D        | Found a blossoming altar of Fedhas.
    44 | D        | Found an opulent altar of Gozag.
    45 | D        | Found a hazy altar of Hepliaklqana.
    46 | D        | Found a viscous altar of Jiyva.
    47 | D        | Found an ancient bone altar of Kikubaaqudgha.
    48 | D        | Found a corrupted altar of Lugonu.
    49 | D        | Found a burning altar of Makhleb.
    50 | D        | Found a sparkling altar of Nemelex Xobeh.
    51 | D        | Found an iron altar of Okawaru.
    52 | D        | Found a stormy altar of Qazlal.
    53 | D        | Found a sacrificial altar of Ru.
    54 | D        | Found a shimmering blue altar of Sif Muna.
    55 | D        | Found a bloodstained altar of Trog.
    56 | D        | Found a hide-covered altar of Uskayaw.
    57 | D        | Found a radiant altar of Vehumet.
    58 | D        | Found an ornate altar of the Wu Jian Council.
    59 | D        | Found a shimmering altar of Xom.
    60 | D        | Became a worshipper of Qazlal Stormbringer
    61 | D        | Found a basalt altar of Yredelemnul.
    62 | D        | Found a glowing silver altar of Zin.
    63 | D        | Found a glowing golden altar of the Shining One.
   131 | D        | Noticed a yak
   131 | D        | Noticed a two-headed ogre
   131 | D        | Noticed a troll
   131 | D        | Noticed a troll
   131 | D        | Noticed a yak
   135 | D        | Reached skill level 1 in Invocations
   142 | D        | Slain by a two-headed ogre

Illustrated notes

Levels and vault maps discovered:
D:        linesprint [early_d, line_temple, items_1, d_10, items_2, lair_1,
          lair_end, items_3, orc_1, orc_end, items_4, d_15, swamp_1, shoals_1,
          snake_1, spider_1, d_20, vaults_1, items_5, swamp_end, shoals_end,
          snake_end, spider_end, vaults_end, d_27, items_6, zot_1, zot_end,
          crypt_end, forest_end, elf_end, slime_end, tomb_end, abyss_end,
          pan_hell_end]

Skill      XL: |  1  2  3  4  5  6 |
---------------+-------------------+-----
Fighting       | 4 5 6 7 |  7.8
Maces & Flails | 3 4 5 6 |  6.7
Armour         | 4 5 6 7 |  7.8
Shields        | 4 5 6 7 |  7.8
Invocations    | 1 |  1.5

Action                     |  1- 3 |  4- 6 || total
---------------------------+-------+-------++-------
  Melee: Flail             |    15 |    11 ||    26
         Morningstar       |       |     8 ||     8
    Use: Potion            |     1 |     2 ||     3
   Stab: Invisible         |       |     1 ||     1
 Armour: Scale mail        |     6 |     5 ||    11
         Plate armour      |       |     7 ||     7
  Dodge: Dodged            |     6 |     3 ||     9
  Block: Buckler           |     5 |     5 ||    10
